AoeStats
← TKBXPT2214

Lombardia

509201237Analyzed
4v4 RM · 8d ago on Sep 25, 2026· 49m 53s· 8 players
Game mode
Random Map
Map size
Large (8 player)
Population
200
Speed
Normal
Resources
Standard
Victory
Conquest
Starting age
Dark Age
Ending age
Imperial Age
RankedLock teamsTeams togetherTeam positionsShared explorationLock speedFull tech treeHidden civsTurbo modeCheats
Victory
Defeat
🇳🇱 Italians · Netherlands
1164
+20
🇧🇷 Burmese · Brazil
1153
+13
🇨🇳 Byzantines · China
1098
+15
🇦🇷 Franks · Argentina
1088
+16
🇨🇦 Maya · Canada
1088
-14
🇹🇷 Persians · Türkiye
1072
-14
🇬🇧 Hindustanis · United Kingdom
1072
-14
🇺🇸 Mongols · United States
1071
-14
Dragoon
10:43 Feudal Age
14:53 Castle Age
14:24 Double-Bit Axe
16:28 Bow Saw
16:00 Horse Collar
17:48 Loom
20:45 Heavy Plow
23:09 Wheelbarrow
22:46 Stone Mining
24:37 Hand Cart
29:09 Imperial Age
27:30 Fletching
27:45 Gold Mining
28:32 Stone Shaft Mining
27:50 Town Watch
29:35 Bloodlines
29:25 Husbandry
30:18 Conscription
30:26 Thumb Ring
30:47 Parthian Tactics
31:20 Elite Mangudai
32:20 Bodkin Arrow
34:16 Bracer
34:16 Padded Archer Armor
36:09 Drill
36:55 Chemistry
36:52 Ballistics
36:52 Leather Archer Armor
37:40 Capped Ram
38:46 Light Cavalry
39:24 Siege Ram
40:39 Siege Engineers
40:44 Masonry
43:22 Murder Holes
43:38 Fortified Wall
44:35 Hoardings
43:30 Sappers
43:32 Siege Ram
46:11 Scale Mail Armor
46:22 Forging
45:37 Pikeman
46:17 Squires
46:03 Arson
48:23 Chain Mail Armor
48:44 Iron Casting
48:59 Nomads
GrandMasterTitties
0:32 Loom
12:00 Feudal Age
13:11 Double-Bit Axe
15:43 Castle Age
16:33 Horse Collar
17:04 Bow Saw
18:43 Heavy Plow
20:07 Wheelbarrow
23:39 Hand Cart
23:10 Town Watch
25:00 Gold Mining
26:36 Treadmill Crane
27:06 Masonry
29:56 Crossbowman
30:45 Thumb Ring
31:31 Stone Mining
34:47 Imperial Age
32:33 Town Patrol
34:01 Fletching
34:35 Ballistics
34:49 Bodkin Arrow
34:54 Padded Archer Armor
35:36 Bracer
35:51 Leather Archer Armor
34:58 Arbalester
36:41 Chemistry
36:12 Architecture
36:20 Conscription
35:53 Capped Ram
36:32 Murder Holes
37:51 Hoardings
38:56 Ring Archer Armor
39:30 Guard Tower
41:49 Elite Plumed Archer
42:01 Siege Ram
43:32 Caravan
46:01 Onager
46:22 Elite Skirmisher
47:08 Hul'che Javelineers
StinkyNewt
6:43 Loom
10:56 Feudal Age
16:30 Castle Age
15:14 Double-Bit Axe
15:15 Horse Collar
22:04 Scale Barding Armor
27:00 Bloodlines
26:51 Husbandry
27:04 Forging
28:53 Chain Barding Armor
29:37 Iron Casting
31:45 Wheelbarrow
33:28 Gold Mining
33:31 Stone Mining
33:52 Bow Saw
34:14 Scale Mail Armor
37:52 Imperial Age
35:38 Hand Cart
35:17 Fletching
37:58 Heavy Camel Rider
37:59 Light Cavalry
39:42 Two-Man Saw
38:49 Heavy Plow
39:32 Gold Shaft Mining
39:54 Plate Barding Armor
41:41 Blast Furnace
40:10 Imperial Camel Rider
40:58 Imperial Camel Rider
43:48 Bodkin Arrow
44:53 Elite Skirmisher
45:40 Thumb Ring
45:42 Hussar
Viglaf
6:58 Loom
11:59 Feudal Age
13:36 Town Watch
17:02 Castle Age
15:48 Double-Bit Axe
15:45 Horse Collar
16:28 Gold Mining
18:07 Bow Saw
17:59 Heavy Plow
18:07 Stone Mining
21:09 Fletching
23:28 Wheelbarrow
28:50 Hand Cart
29:09 Bodkin Arrow
34:39 Imperial Age
32:58 Gold Shaft Mining
33:05 Stone Shaft Mining
35:00 Masonry
36:01 Two-Man Saw
35:21 Caravan
35:52 Coinage
35:33 Guilds
36:59 Chemistry
36:11 Citadels
36:23 Conscription
36:16 Forging
36:12 Scale Barding Armor
35:50 Elite War Elephant
37:47 Crop Rotation
37:49 Architecture
37:40 Ballistics
37:59 Iron Casting
38:47 Chain Barding Armor
Lunakik
7:57 Loom
11:13 Feudal Age
12:00 Double-Bit Axe
17:59 Castle Age
19:13 Stone Mining
24:29 Bow Saw
26:09 Wheelbarrow
25:25 Horse Collar
26:50 Heavy Plow
28:16 Light Cavalry
30:38 Bloodlines
30:29 Husbandry
31:09 Silk Road
31:43 Fletching
31:59 Scale Barding Armor
31:56 Padded Archer Armor
32:08 Forging
32:04 Caravan
34:48 Imperial Age
32:17 Gold Mining
34:32 Bodkin Arrow
38:01 Ballistics
38:41 Chemistry
38:57 Elite Skirmisher
39:43 Thumb Ring
47:48 Hussar
۞_KDZ_۞
9:54 Loom
11:40 Feudal Age
13:46 Horse Collar
14:42 Wheelbarrow
14:53 Wheelbarrow
16:46 Castle Age
16:02 Gold Mining
18:58 Heavy Plow
20:53 Squires
20:57 Scale Mail Armor
25:21 Hand Cart
27:14 Caravan
28:21 Gold Shaft Mining
28:08 Pikeman
31:48 Imperial Age
30:04 Town Watch
31:04 Stone Mining
32:18 Husbandry
33:08 Scale Barding Armor
33:18 Chain Mail Armor
32:50 Elite Battle Elephant
33:10 Halberdier
34:14 Chain Barding Armor
33:18 Capped Ram
35:03 Bloodlines
36:03 Conscription
36:23 Plate Barding Armor
36:50 Guilds
37:15 Manipur Cavalry
39:38 Howdah
39:50 Forging
41:51 Arson
42:43 Iron Casting
42:40 Plate Mail Armor
42:00 Fletching
48:44 Coinage
king vitt
0:29 Loom
14:31 Feudal Age
15:51 Wheelbarrow
14:59 Horse Collar
15:08 Double-Bit Axe
21:54 Castle Age
22:54 Hand Cart
24:58 Bow Saw
24:51 Heavy Plow
28:08 Gold Mining
28:11 Stone Mining
31:31 Stone Shaft Mining
31:35 Gold Shaft Mining
34:55 Imperial Age
33:49 Scale Barding Armor
33:57 Forging
34:17 Husbandry
35:11 Chain Barding Armor
36:16 Iron Casting
35:06 Elite Cataphract
37:14 Conscription
37:40 Logistica
38:13 Hoardings
38:23 Plate Barding Armor
38:46 Arrowslits
38:58 Murder Holes
38:50 Treadmill Crane
TKBXPT2214
3:59 Loom
11:03 Feudal Age
12:20 Wheelbarrow
19:00 Castle Age
17:33 Double-Bit Axe
18:33 Gold Mining
20:00 Hand Cart
20:40 Bow Saw
28:56 Husbandry
32:52 Imperial Age
31:04 Gold Shaft Mining
33:13 Cavalier
34:15 Scale Barding Armor
34:21 Forging
35:42 Chain Barding Armor
34:51 Paladin
36:08 Conscription
36:46 Iron Casting
36:40 Caravan
39:05 Blast Furnace
38:41 Plate Barding Armor
44:00 Fervor
49:22 Padded Archer Armor
49:13 Fletching
Connection lost

Rejoining the realm…

Still unreachable

The connection could not be restored.

Session expired

The server has moved on; the page needs a fresh start.